 Dungeon Crawl Stone Soup version 0.18-a0-270-ga9d907f (webtiles) character file.

2976 Duffy the Carver (level 9, -3/63 HPs)
             Began as a High Elf Skald on Nov 26, 2015.
             Was an Initiate of Ashenzari.
             Killed from afar by Psyche (15 damage)
             ... with a wand of draining
             ... on level 8 of the Dungeon.
             The game lasted 00:18:29 (10583 turns).

Duffy the Carver (High Elf Skald)                  Turns: 10583, Time: 00:18:29

Health: -3/63      AC: 11    Str: 11    XL:     9   Next: 53%
Magic:  13/13      EV: 13    Int: 16    God:    Ashenzari [......]
Gold:   138        SH:  0    Dex: 19    Spells: 3 memorised, 6 levels left

rFire  . . .     SeeInvis .     O - +2 triple sword (drain) (curse)
rCold  . . .     Clarity  .     g - +0 ring mail
rNeg   . . .     SustAt   .     (shield currently unavailable)
rPois  +         Gourm    .     (no helmet)
rElec  .         Spirit   .     J - +0 cloak (curse)
rCorr  .         Warding  .     B - +0 pair of gloves (curse)
rMut   .         Stasis   .     (no boots)
MR     .....                    (no amulet)
Stlth  +.........               I - ring of poison resistance
                                i - +4 ring of protection (curse)

@: heavily drained, not resistant to hostile enchantments, very unstealthy
A: no striking features
a: Renounce Religion


You were on level 8 of the Dungeon.
You worshipped Ashenzari.
Ashenzari was noncommittal.
You were not hungry.

You visited 2 branches of the dungeon, and saw 9 of its levels.

You collected 358 gold pieces.
You spent 220 gold pieces at shops.


   Skills:
 + Level 6.5(3.8) Fighting
 * Level 10.8(7.8) Long Blades
 - Level 0.8(0.0) Armour
 + Level 7.1(4.3) Dodging
 - Level 2.5(0.0) Spellcasting
 - Level 2.0(0.0) Hexes
 - Level 4.0(1.5) Charms
 - Level 2.0(0.0) Necromancy


You had 6 spell levels left.
You knew the following spells:

 Your Spells              Type           Power        Failure   Level  Hunger
a - Spectral Weapon       Hex/Chrm       #.......     97%         3    ####...
c - Regeneration          Chrm/Necr      #.........   97%         3    ####...
i - Infusion              Chrm           #.....       34%         1    ##.....

Inventory:

Hand Weapons
 O - a cursed +2 triple sword of draining (weapon)
Armour
 b - a +0 leather armour
 g - a +0 ring mail (worn)
 B - a cursed +0 pair of gloves (worn)
 J - a cursed +0 cloak (worn)
Jewellery
 i - a cursed +4 ring of protection (left hand)
 l - the ring of Fedhas's Castigation {SustAt rElec rN+ Dex+2}

   [ring of sustain attributes]

   It sustains your strength, intelligence and dexterity.
   It affects your dexterity (+2).
   It insulates you from electricity.
   It protects you from negative energy.
 r - the ring of Ifelim {*Contam rPois MR+ Str+3 SInv}

   [ring of strength]

   It affects your strength (+3).
   It protects you from poison.
   It affects your resistance to hostile enchantments.
   It lets you see invisible.
   It causes magical contamination when unequipped.
 t - an uncursed ring of magical power
 H - an uncursed ring of fire
 I - a ring of poison resistance (right hand)
 L - a +3 ring of strength
Wands
 F - a wand of digging (11)
 M - a wand of disintegration (0)
 N - a wand of fire (0)
Scrolls
 a - 3 scrolls of curse armour
 e - 2 scrolls of magic mapping {unknown}
 f - a scroll of noise {unknown}
 h - 8 scrolls of remove curse
 k - a scroll of blinking {unknown}
 n - a scroll of amnesia {unknown}
 o - 4 scrolls of recharging {unknown}
 q - a scroll of immolation {unknown}
 u - 4 scrolls of curse weapon
 w - a scroll of teleportation {unknown}
 y - 2 scrolls of enchant armour {unknown}
Potions
 m - a potion of degeneration {unknown}
 s - 5 potions of curing
 x - a potion of invisibility
 C - a potion of brilliance
 E - a potion of flight
 G - 2 potions of haste {unknown}
Books
 c - a book of Battle
 D - a book of Annihilations
Comestibles
 d - 6 bread rations
 j - 3 chunks of flesh
 p - a royal jelly
 v - 3 meat rations
 A - a beef jerky

Dungeon Overview and Level Annotations

Branches:
Dungeon (8/15)             Temple (1/1) D:6
   Lair: D:8-11

Altars:
Ashenzari
Cheibriados
Dithmenos
Elyvilon
Gozag
Kikubaaqudgha
Makhleb
Nemelex Xobeh
Okawaru
Ru
Sif Muna
Trog
Vehumet
Yredelemnul
Zin
The Shining One

Shops:
D:5 *

Annotations:
D:6 Raultor's ghost, novice NaFi
D:8 Psyche


Message History

Evoking this partially-identified wand wasted a few charges.
Evoke which item? (* to show all) (? for menu, Esc to quit)
Zapping:
M - a wand of disintegration {zapped: 3} (will waste charges)
Press: ? - help, Shift-Dir - straight line, f/p - Psyche
Aim: Psyche, wielding a dagger of chaos and wearing a glowing robe (chance to defeat MR: 65%) Psyche easily resists.
Evoking this partially-identified wand wasted a few charges.
Psyche says, "I'm so lonely.
Only corpses are my friends."
Psyche zaps a wand.
The bolt of negative energy hits you!
You feel drained.
It is a wand of draining.
Evoke which item? (* to show all) (? for menu, Esc to quit)
Zapping:
M - a wand of disintegration {zapped: 6} (will waste charges)
Press: ? - help, Shift-Dir - straight line, f/p - Psyche
Aim: Psyche, wielding a dagger of chaos, wearing a glowing robe and carrying a wand of draining {zapped: 1} (chance to defeat MR: 65%) Psyche is blasted.
Evoking this partially-identified wand wasted a few charges.
Psyche zaps a wand.
The bolt of negative energy hits you!
You feel drained.
Evoke which item? (* to show all) (? for menu, Esc to quit)
Zapping:
M - a wand of disintegration {zapped: 8} (will waste charges)
Press: ? - help, Shift-Dir - straight line, f/p - Psyche
Aim: Psyche, wielding a dagger of chaos, wearing a glowing robe and carrying a wand of draining {zapped: 2} (moderately wounded, chance to defeat MR: 65%) Nothing appears to happen.
Psyche zaps a wand.
The bolt of negative energy hits you!
You feel drained.
Read which item? (? for menu, Esc to quit)
Okay, then.
Psyche sings.
Psyche zaps a wand.
The bolt of negative energy hits you!
You feel drained.
Drink which item? (? for menu, Esc to quit)
You feel better.
You slash Psyche!
Psyche is heavily wounded.
Psyche points at you and mumbles some strange words.
The magic dart hits you!
Psyche zaps a wand.
The bolt of negative energy hits you!
You feel drained.
You die...

#<# #...[...... #.#
#.#.###.... #.# #.#.#
##.#. #.###.#.# ##..#
#.......###...#
#####.####.....
##.#...##......
##########........>.....
......@@................
##########..............
#......##......
##.#######..... #.#
##...# #.# ##'## #.#
#.## #####.##### #.##
#.........# ##.##


You could see Psyche.

Action                   |  1- 3 |  4- 6 |  7- 9 || total
-------------------------+-------+-------+-------++-------
Melee: Falchion          |   129 |   151 |   320 ||   600
       Triple sword      |       |       |    41 ||    41
Throw: Stone             |     1 |       |       ||     1
 Cast: Regeneration      |     2 |     2 |     4 ||     8
       Spectral Weapon   |     1 |    17 |    26 ||    44
Evoke: Wand              |       |       |     3 ||     3
  Use: Scroll            |       |     8 |     6 ||    14
       Potion            |       |       |     2 ||     2
 Stab: Sleeping          |     1 |     1 |       ||     2
       Distracted        |       |     2 |       ||     2
  Eat: Chunk             |     4 |     9 |    20 ||    33
       Beef jerky        |       |     2 |       ||     2
       Pizza             |       |       |     2 ||     2

Notes
Turn   | Place    | Note
--------------------------------------------------------------
     0 | D:1      | Duffy the High Elf Skald began the quest for the Orb.
     0 | D:1      | Reached XP level 1. HP: 14/14 MP: 4/4
   237 | D:1      | Reached skill level 4 in Charms
   296 | D:1      | Reached XP level 2. HP: 16/19 MP: 6/6
   789 | D:1      | Reached skill level 3 in Long Blades
  1261 | D:2      | Reached skill level 2 in Dodging
  1261 | D:2      | Reached XP level 3. HP: 20/24 MP: 7/7
  1332 | D:2      | Learned a level 3 spell: Spectral Weapon
  1336 | D:2      | Learned a level 3 spell: Regeneration
  1935 | D:3      | Reached skill level 1 in Hexes
  2122 | D:3      | Reached XP level 4. HP: 25/29 MP: 5/8
  2235 | D:3      | Noticed Natasha
  2698 | D:3      | Killed Natasha
  2698 | D:3      | Reached skill level 4 in Long Blades
  2766 | D:3      | Noticed Grinder
  2969 | D:4      | Reached XP level 5. HP: 26/34 MP: 9/9
  2977 | D:3      | Reached skill level 2 in Hexes
  3072 | D:4      | Reached skill level 1 in Necromancy
  3178 | D:3      | Noticed an ice beast
  3311 | D:4      | Found a basalt altar of Yredelemnul.
  3383 | D:4      | Reached skill level 5 in Long Blades
  3859 | D:4      | Reached skill level 2 in Necromancy
  3859 | D:4      | Reached XP level 6. HP: 35/39 MP: 10/10
  3948 | D:4      | Found an iron altar of Okawaru.
  3949 | D:4      | Found a sacrificial altar of Ru.
  4102 | D:5      | Entered Level 5 of the Dungeon
  4149 | D:5      | Noticed a water moccasin
  4162 | D:5      | Killed a water moccasin
  4162 | D:5      | Reached skill level 6 in Long Blades
  4435 | D:5      | Found Tuaroes's Tempting Trifles.
  4461 | D:5      | Reached skill level 3 in Fighting
  4563 | D:5      | Got a translucent lead ring
  5133 | D:6      | Noticed Raultor's ghost (novice NaFi)
  5143 | D:5      | Reached XP level 7. HP: 37/46 MP: 11/11
  5379 | D:6      | Reached skill level 7 in Long Blades
  5626 | D:6      | Found a white marble altar of Elyvilon.
  5726 | D:6      | Reached skill level 4 in Fighting
  5805 | D:6      | Identified the ring of Ifelim {*Contam rPois MR+ Str+3 SInv} (You found it on level 5 of the Dungeon)
  6085 | D:6      | Reached skill level 3 in Dodging
  6161 | D:6      | Reached skill level 8 in Long Blades
  6289 | D:6      | Reached XP level 8. HP: 51/54 MP: 8/12
  6349 | D:6      | Reached skill level 4 in Dodging
  6537 | D:6      | Found a staircase to the Ecumenical Temple.
  6546 | Temple   | Entered the Ecumenical Temple
  6950 | D:6      | Found a snail-covered altar of Cheibriados.
  7463 | D:7      | Found a deep blue altar of Sif Muna.
  7855 | D:7      | Reached skill level 9 in Long Blades
  7972 | D:7      | Reached skill level 5 in Dodging
  8117 | D:7      | Found a bloodstained altar of Trog.
  8347 | D:8      | Noticed Maurice
  8432 | D:8      | Killed Maurice
  8432 | D:8      | Reached skill level 5 in Fighting
  8917 | D:8      | Found a glowing silver altar of Zin.
  8927 | D:8      | Noticed Grum
  8970 | D:7      | Reached skill level 6 in Dodging
  8970 | D:7      | Reached XP level 9. HP: 38/61 MP: 13/13
  9107 | D:7      | Killed Grum
  9592 | D:7      | Reached skill level 10 in Long Blades
  9714 | D:8      | Reached skill level 6 in Fighting
  9760 | D:8      | Found a shattered altar of Ashenzari.
  9770 | D:8      | Became a worshipper of Ashenzari the Shackled
  9846 | D:5      | Bought a +0 triple sword of draining for 220 gold pieces
 10032 | D:3      | Killed Grinder
 10332 | D:8      | Reached skill level 7 in Dodging
 10493 | D:8      | Found a glowing golden altar of the Shining One.
 10543 | D:8      | Identified the ring of Fedhas's Castigation {SustAt rElec rN+ Dex+2}
 10575 | D:8      | Noticed Psyche
 10583 | D:8      | Killed from afar by Psyche

Vault maps used:
D:1:      lemuel_arrival_rhombus
D:3:      uniq_grinder, uniq_natasha
D:4:      lemuel_round_altar, gammafunk_temple_overflow_statue, first_bread
D:5:      nicolae_alphabet_shops
D:6:      marbit_many_paths, minmay_temple_entry_statues_fountains,
          minmay_crystal_room, elyvilon_altar_3
D:7:      lemuel_doored_altar, lemuel_blue_sif_altar
D:8:      evilmike_ruin_ashenzari, kennysheep_little_box, basic_altar,
          uniq_maurice, uniq_psyche, uniq_grum
Temple:   temple_eino_lava_8

Vanquished Creatures
  Maurice Grinder Grum
  2 wolves
  An orc warrior
  2 water moccasins
  A black bear
  An ice beast
  An ogre
  2 centaurs
  2 giant frogs
  A gnoll sergeant
  2 scorpions
  2 orc priests
  A giant frog zombie
  A centaur zombie
  A giant frog skeleton
  A jelly
  A crimson imp
  7 orc wizards
  2 iguanas
  A centaur skeleton Natasha
  4 hounds
  3 worker ants
  9 adders
  10 gnolls
  3 shadow imps
  2 oozes
  3 adder skeletons
  2 worms
  5 giant geckos
  20 orcs
  6 bats
  8 giant cockroaches
  6 hobgoblins
  2 jackals
  2 quokkas
  A giant gecko skeleton
  4 giant newts
  7 goblins
  3 jackal zombies
  6 kobolds
  2 quokka skeletons
  A rat
  2 spectral weapons
147 creatures vanquished.
